 Dungeon Crawl Stone Soup version 0.21.1-1-g345015f (webtiles) character file.

121 diana the Insei (level 5, -1/34 HPs)
             Began as an Octopode Transmuter on June 24, 2018.
             Slain by an orc wizard
             ... wielding a +0 dagger
              (2 damage)
             ... on level 3 of the Dungeon.
             The game lasted 00:05:46 (2566 turns).

diana the Insei (Octopode Transmuter)               Turns: 2566, Time: 00:05:46

Health: -1/34      AC:  1    Str: 11    XL:     5   Next: 5%
Magic:  8/9        EV: 13    Int: 15    God:
Gold:   149        SH:  0    Dex: 12    Spells: 4/10 levels left

rFire    . . .     SeeInvis .     - Unarmed
rCold    . . .     Gourm    .   (no shield)
rNeg     . . .     Faith    .   (helmet restricted)
rPois    .         Spirit   .   (no amulet)
rElec    .         Reflect  .   (no ring)
rCorr    .         Harm     .   (no ring)
MR       .....                  (no ring)
Stlth    ++........             (no ring)
HPRegen  0.11/turn              (no ring)
MPRegen  0.11/turn              (no ring)
                                (no ring)
                                (no ring)

@: appendage (expiring), very slightly contaminated, invisible
A: almost no armour, stealthy swim, amphibious, 8 rings, constrict 8, tentacle
spike 3, camouflage 1, gelatinous body 1
a: End Transformation


You were on level 3 of the Dungeon.
You were not hungry.
One of your tentacles had a temporary spike.
You visited 1 branch of the dungeon, and saw 3 of its levels.

You collected 149 gold pieces.

Inventory:

Missiles
 a - 76 arrows
Armour
 k - a +0 shield
Wands
 f - a wand of digging (10)
Scrolls
 e - 6 scrolls of identify {unknown}
 i - a scroll of blinking {unknown}
 m - a scroll of fear {unknown}
 n - a scroll of fog {unknown}
Books
 b - a book of Changes

   Spells                             Type                      Level
   a - Beastly Appendage              Transmutation                1
   b - Sticks to Snakes               Transmutation                2
   c - Spider Form                    Transmutation/Poison         3
   d - Ice Form                       Ice/Transmutation            4
   e - Blade Hands                    Transmutation                5
Comestibles
 c - 6 rations


   Skills:
 + Level 1.7 Fighting
 - Level 2.0 Dodging
 * Level 3.9 Unarmed Combat
 * Level 3.0 Spellcasting
 * Level 2.9 Transmutations
 * Level 0.8 Poison Magic


You had 4 spell levels left.
You knew the following spells:

 Your Spells              Type           Power        Failure   Level  Hunger
a - Beastly Appendage     Tmut           ##....       6%          1    #......
b - Spider Form           Tmut/Pois      #.........   28%         3    ###....
c - Sticks to Snakes      Tmut           ##......     9%          2    ##.....


Dungeon Overview and Level Annotations

Branches:
Dungeon (3/15)

Altars:
Xom

Annotations:
D:2 Sigmund


Innate Abilities, Weirdness & Mutations

You cannot wear most types of armour.
You are very stealthy in the water. (Stealth+)
You are amphibious.
You can wear up to eight rings at the same time.
You can use your tentacles to constrict eight enemies at once.
Your skin changes colour to match your surroundings (Stealth+).
Your rubbery body absorbs attacks. (AC +1, EV +1)
One of your tentacles bears a large vicious spike.


Message History

One of your tentacles grows a vicious spike.
Something completely misses you. Something barely misses you.
You closely miss something.
You pierce something.
You squeeze something. Something hits you.
You closely miss something.
You pierce something.
You squeeze something.
Your transformation is almost over.
Something hits you.
* * * LOW HITPOINT WARNING * * *
You barely miss something. Your squeeze misses something. Something hits you.
* * * LOW HITPOINT WARNING * * *
Something hits you but does no damage.
You barely miss something. Your squeeze misses something.
You hear some strange, mumbled words.
A magic dart appears from out of thin air!
The magic dart hits you!
* * * LOW HITPOINT WARNING * * *
You miss something.
Your tentacle spike misses something.
Your squeeze misses something. Something hits you but does no damage.
You closely miss something. Your squeeze misses something. Something hits you.
You die...

#.#
#.#
#.#
#.#
#.#
#.#
#.#
#.#
#@#
#{#
#o#
#g#
#o#
#g#
#.#
#.#
#)#


You could see 2 orcs and 2 goblins.

Vanquished Creatures
  Robin (D:2)
  3 adders
  An ooze (D:2)
  2 worms (D:2)
  A dart slug (D:1)
  4 leopard geckos
  An orc (D:3)
  3 giant cockroaches (D:1)
  13 goblins
  9 hobgoblins
  2 quokkas (D:2)
  3 ball pythons
  3 bats
  3 frilled lizards
  5 kobolds
  9 rats
63 creatures vanquished.

Vanquished Creatures (others)
  A goblin (D:2)
1 creature vanquished.

Grand Total: 64 creatures vanquished

Notes
Turn   | Place    | Note
-------+----------+-------------------------------------------
     0 | D:1      | diana the Octopode Transmuter began the quest for the Orb.
     0 | D:1      | Reached XP level 1. HP: 13/13 MP: 3/3
   141 | D:1      | Reached XP level 2. HP: 18/18 MP: 5/5
   889 | D:1      | Reached XP level 3. HP: 21/23 MP: 6/6
  1254 | D:2      | Reached XP level 4. HP: 5/28 MP: 7/7
  1406 | D:2      | Noticed Robin
  1410 | D:2      | Killed Robin
  1485 | D:2      | Learned a level 3 spell: Spider Form
  1654 | D:2      | Noticed Sigmund
  1863 | D:2      | Learned a level 2 spell: Sticks to Snakes
  2004 | D:2      | Found a shimmering altar of Xom.
  2368 | D:3      | Reached XP level 5. HP: 27/34 MP: 9/9
  2564 | D:3      | HP: 1/34 [something/magic dart (6)]
  2566 | D:3      | Slain by an orc wizard

Skill      XL: |  1  2  3  4 |
---------------+-------------+-----
Spellcasting   | 3 |  3.0
Fighting       | |  1.7
Dodging        | |  2.0
Unarmed Combat | |  3.9
Transmutations | |  2.9
Poison Magic   | |  0.8

Action                   |  1- 3 |  4- 6 || total
-------------------------+-------+-------++-------
Melee: Unarmed           |    92 |    74 ||   166
       Constrict         |    22 |    16 ||    38
       Tentacles         |    10 |     8 ||    18
       Punch             |     3 |     3 ||     6
       Kick              |     2 |     7 ||     9
 Cast: Beastly Appendage |     1 |     3 ||     4
  Use: Potion            |     2 |     5 ||     7
 Stab: Sleeping          |     6 |     3 ||     9
       Invisible         |     1 |       ||     1
  Eat: Chunk             |     1 |     4 ||     5
Armor: Skin              |     4 |     8 ||    12
Dodge: Dodged            |    50 |    48 ||    98
